 Dungeon Crawl Stone Soup version 0.21.1-1-g345015fe64 (webtiles) character file.

13372 Oravi the Martial Artist (level 12, -4/81 HPs)
             Began as a Merfolk Transmuter on Apr 14, 2018.
             Was a Priest of Qazlal.
             Slain by a five-headed hydra (9 damage)
             ... on level 11 of the Dungeon.
             The game lasted 00:47:19 (11545 turns).

Oravi the Martial Artist (Merfolk Transmuter)      Turns: 11545, Time: 00:47:19

Health: -4/81      AC:  2    Str: 20    XL:     12   Next: 5%
Magic:  5/15       EV: 32    Int: 19    God:    Qazlal [***...]
Gold:   540        SH:  4    Dex: 22    Spells: 5/15 levels left

rFire    . . .     SeeInvis .     - Unarmed
rCold    . . .     Gourm    .   (shield currently unavailable)
rNeg     . . .     Faith    .   (armour currently unavailable)
rPois    x         Spirit   .   (helmet currently unavailable)
rElec    .         Reflect  .   (cloak currently unavailable)
rCorr    .         Harm     .   (gloves currently unavailable)
MR       .....                  (boots currently unavailable)
Stlth    +.........             (no amulet)
HPRegen  0.23/turn              x - +4 ring of slaying
MPRegen  0.14/turn              D - +5 ring of strength

@: mighty, spider-form
A: tiny, (change form in water), (swift swim), (stealthy swim), agile 1, clever
1
a: End Transformation, Upheaval, Elemental Force, Renounce Religion


You were on level 11 of the Dungeon.
You worshipped Qazlal.
Qazlal was most pleased with you.
You were not hungry.
You were a venomous arachnid creature.
You visited 2 branches of the dungeon, and saw 12 of its levels.
You also visited: Sewer.

You collected 540 gold pieces.

Inventory:

Missiles
 a - 227 arrows
Armour
 b - a +2 hat
 k - a +1 robe of cold resistance (melded)
 B - a +0 pair of gloves
Jewellery
 m - an uncursed ring of resist corrosion
 n - an uncursed ring of protection from cold
 r - an uncursed amulet of guardian spirit
 x - a +4 ring of slaying (left front leg)
 D - a +5 ring of strength (right front leg)
 G - the amulet of the Magpie {RegenMP Str-3 Int+3 Dex+3}
   (You found it on level 9 of the Dungeon)

   [amulet of magic regeneration]

   It increases your magic regeneration.
   It affects your strength (-3).
   It affects your intelligence (+3).
   It affects your dexterity (+3).
Wands
 o - a wand of clouds (7)
 t - a wand of digging (9)
 u - a wand of enslavement (10)
 A - a wand of iceblast (9)
 E - a wand of polymorph (13)
Scrolls
 h - 3 scrolls of identify
 q - 3 scrolls of amnesia
 s - a scroll of enchant weapon
 v - 2 scrolls of magic mapping
 w - 4 scrolls of remove curse
 y - a scroll of enchant armour
 C - 2 scrolls of blinking
 F - a scroll of teleportation
Potions
 e - 6 potions of flight
 f - 5 potions of haste
 g - 5 potions of cancellation
 j - a potion of curing
 l - 3 potions of agility
 p - 2 potions of magic
 H - 3 potions of ambrosia
Books
 c - a book of Changes

   Spells                             Type                      Level
   a - Beastly Appendage              Transmutation                1
   b - Sticks to Snakes               Transmutation                2
   c - Spider Form                    Transmutation/Poison         3
   d - Ice Form                       Ice/Transmutation            4
   e - Blade Hands                    Transmutation                5
 i - a book of Geomancy

   Spells                             Type                      Level
   a - Sandblast                      Earth                        1
   b - Passwall                       Transmutation/Earth          2
   c - Stone Arrow                    Conjuration/Earth            3
   d - Petrify                        Transmutation/Earth          4
   e - Lee's Rapid Deconstruction     Earth                        5
Comestibles
 d - 17 rations
 I - 4 chunks of flesh


   Skills:
 + Level 3.3 Fighting
 * Level 10.2 Dodging
 + Level 12.9 Unarmed Combat
 - Level 2.0 Spellcasting
 * Level 11.3 Transmutations
 * Level 4.4 Ice Magic
 * Level 9.0 Poison Magic


You had 5 spell levels left.
You knew the following spells:

 Your Spells              Type           Power        Failure   Level  Hunger
a - Beastly Appendage     Tmut           #####.       1%          1    #......
b - Sticks to Snakes      Tmut           #####...     2%          2    ###....
c - Spider Form           Tmut/Pois      #####.....   4%          3    ###....
d - Ice Form              Ice/Tmut       ####....     19%         4    #####..


Dungeon Overview and Level Annotations

Branches:
Dungeon (11/15)            Temple (1/1) D:7            Lair (0/6) D:10
    Orc (0/2) D:11

Altars:
Ashenzari
Cheibriados
Dithmenos
Elyvilon
Fedhas
Gozag
Hepliaklqana
Kikubaaqudgha
Makhleb
Nemelex Xobeh
Okawaru
Qazlal
Ru
Sif Muna
Trog
Uskayaw
Vehumet
Wu Jian
Xom
Yredelemnul
Zin
The Shining One

Shops:
D:10 ?

Portals:
Trove: D:10 (give horn of Geryon)

Annotations:
D:11 htuhola's ghost, journeyman SpAs


Innate Abilities, Weirdness & Mutations

((You revert to your normal form in water.))
((You are very nimble and swift while swimming.))
((You are very stealthy in the water. (Stealth+)))
You are agile. (Dex +2)
Your mind is acute. (Int +2)


Message History

The five-headed hydra completely misses you.
You hear a loud, deep croak!
You hear a shout!
You hear two shouts!
You hear a shout! x4; You hear an angry hiss.
You feel much better.
Your adder bites the five-headed hydra.
Your ball python bites the five-headed hydra. x2
The five-headed hydra completely misses you.
The five-headed hydra misses you.
You block the five-headed hydra's attack.
The five-headed hydra bites you. The five-headed hydra bites you!
* * * LOW HITPOINT WARNING * * *
You feel very mighty all of a sudden.
Your adder barely misses the five-headed hydra.
Your ball python bites the five-headed hydra. x2
The five-headed hydra closely misses your ball python.
The five-headed hydra bites your ball python!
Your ball python dies!
The five-headed hydra bites you!
* * * LOW HITPOINT WARNING * * *
The five-headed hydra bites you!
You die...

... .# # ..
.. . . #.# ..
.#. .. #.
#.##.##
#..#.#...
#.#.#.#
#.....#
#########D..#
...(...SsSS.#
#######S###.#
#.......#
#(#.#####
#.#.. # ###


You could see a five-headed hydra, 3 friendly adders and a friendly ball python.

Vanquished Creatures
  Gastronok (D:9)
  Erica (D:9)
  An unseen horror (D:10)
  Pikel (D:4)
  An ugly thing (D:10)
  Maurice (D:9)
  A gargoyle (D:10)
  A kobold demonologist (D:11)
  2 hornets (D:10)
  2 trolls
  4 hippogriffs
  Grinder (D:4)
  Prince Ribbit (D:9)
  Sigmund (D:2)
  A wraith (D:11)
  A shadow (D:11)
  3 wyverns
  Eustachio (D:4)
  2 hungry ghosts (D:11)
  Edmund (D:4)
  Menkaure (D:7)
  A vampire mosquito (D:11)
  2 hell hounds (D:10)
  2 orc warriors
  A black bear (D:7)
  3 sky beasts
  2 slaves (D:4)
  An ice beast (D:8)
  2 phantoms
  6 ogres
  4 centaurs
  A crocodile (D:11)
  2 big kobolds
  7 bullfrogs
  Blork the orc (D:5)
  A wyvern zombie (D:11)
  A scorpion (D:11)
  3 killer bees
  14 wights
  4 howler monkeys
  2 crimson imps (D:9)
  A quasit (D:9)
  2 jellies
  5 orc priests
  3 centaur skeletons
  7 hounds
  11 orc wizards
  Jessica (D:2)
  4 bullfrog skeletons
  2 iguanas
  Ijyb (D:5)
  4 worker ants
  8 ogre zombies (D:11)
  A hound skeleton (D:10)
  8 adders
  3 river rats
  2 shadow imps (D:5)
  An adder zombie (D:9)
  2 worms
  A dart slug (D:2)
  4 leopard geckos
  27 orcs
  7 giant cockroaches
  11 goblins
  6 hobgoblins
  A jackal (Sewer)
  A quokka (D:11)
  3 bats
  4 frilled lizards
  A goblin skeleton (D:11)
  4 goblin zombies (D:11)
  4 hobgoblin skeletons (D:11)
  A hobgoblin zombie (D:11)
  13 kobolds
  An orc skeleton (D:11)
  14 orc zombies (D:11)
  2 quokka skeletons (D:4)
  12 rats
272 creatures vanquished.

Vanquished Creatures (collateral kills)
  A wight (D:9)
1 creature vanquished.

Vanquished Creatures (others)
  A slave (D:4)
  A worker ant (D:4)
2 creatures vanquished.

Grand Total: 275 creatures vanquished

Notes
Turn   | Place    | Note
-------+----------+-------------------------------------------
     0 | D:1      | Oravi the Merfolk Transmuter began the quest for the Orb.
     0 | D:1      | Reached XP level 1. HP: 15/15 MP: 3/3
   138 | D:1      | Reached XP level 2. HP: 16/21 MP: 3/5
   435 | D:1      | Gained mutation: You are agile. (Dex +2) [potion of mutation]
   435 | D:1      | Gained mutation: Your mind is acute. (Int +2) [potion of mutation]
   460 | D:2      | Reached XP level 3. HP: 26/26 MP: 4/6
   464 | D:2      | Reached skill level 4 in Unarmed Combat
   471 | D:2      | Learned a level 2 spell: Sticks to Snakes
   475 | D:2      | Learned a level 3 spell: Spider Form
   494 | D:2      | Noticed a bullfrog
   503 | D:2      | Killed a bullfrog
   503 | D:2      | Reached XP level 4. HP: 32/32 MP: 0/7
   593 | D:2      | Noticed Jessica
   598 | D:2      | Killed Jessica
   598 | D:2      | Reached skill level 5 in Unarmed Combat
   598 | D:2      | Reached XP level 5. HP: 37/37 MP: 1/8
   637 | D:2      | Found an opulent altar of Gozag.
   747 | D:2      | Found a hazy altar of Hepliaklqana.
   972 | D:2      | Noticed Sigmund
   987 | D:2      | Killed Sigmund
   987 | D:2      | Reached skill level 6 in Unarmed Combat
   987 | D:2      | Reached skill level 1 in Poison Magic
   987 | D:2      | Reached XP level 6. HP: 28/43 MP: 3/9
  1346 | D:3      | Found a glowing drain.
  1370 | Sewer    | Entered a sewer
  1380 | Sewer    | Reached skill level 5 in Transmutations
  1484 | Sewer    | Found a glowing silver altar of Zin.
  1887 | D:4      | Noticed Grinder
  1889 | D:4      | Noticed a slave
  1889 | D:4      | Paralysed by Grinder for 2 turns
  1903 | D:4      | Killed a slave
  1907 | D:4      | Paralysed by Grinder for 5 turns
  2041 | D:4      | Paralysed by Grinder for 2 turns
  2305 | D:4      | Reached XP level 7. HP: 42/48 MP: 6/10
  2546 | D:4      | Noticed Edmund
  2566 | D:4      | Killed Edmund
  2578 | D:4      | Killed Grinder
  2578 | D:4      | Reached skill level 7 in Unarmed Combat
  2590 | D:4      | Noticed Pikel
  2598 | D:4      | Killed Pikel
  2598 | D:4      | Reached XP level 8. HP: 49/56 MP: 7/11
  3113 | D:4      | Noticed Eustachio
  3122 | D:4      | Killed Eustachio
  3122 | D:4      | Reached skill level 8 in Unarmed Combat
  3256 | D:5      | Entered Level 5 of the Dungeon
  3392 | D:5      | Reached skill level 5 in Poison Magic
  3421 | D:5      | Noticed Ijyb
  3431 | D:5      | Killed Ijyb
  3518 | D:5      | Reached skill level 5 in Dodging
  3519 | D:5      | Noticed Blork the orc
  3528 | D:5      | Killed Blork the orc
  3528 | D:5      | Reached XP level 9. HP: 43/61 MP: 9/12
  4424 | D:6      | Found a blossoming altar of Fedhas.
  4527 | D:6      | Found a snail-covered altar of Cheibriados.
  4529 | D:6      | Found a shimmering altar of Xom.
  4839 | D:7      | Reached skill level 9 in Unarmed Combat
  5142 | D:7      | Found a staircase to the Ecumenical Temple.
  5147 | Temple   | Entered the Ecumenical Temple
  5210 | Temple   | Became a worshipper of Qazlal Stormbringer
  5369 | D:7      | Found a glowing golden altar of the Shining One.
  5632 | D:7      | Noticed Menkaure
  5646 | D:7      | Killed Menkaure
  6780 | D:8      | Found a sacrificial altar of Ru.
  6931 | D:9      | Reached skill level 10 in Unarmed Combat
  7138 | D:9      | Reached XP level 10. HP: 42/68 MP: 9/13
  7412 | D:9      | Noticed Prince Ribbit
  7424 | D:9      | Killed Prince Ribbit
  7431 | D:9      | Noticed Gastronok
  7452 | D:9      | Killed Gastronok
  7464 | D:9      | Reached skill level 11 in Unarmed Combat
  7481 | D:9      | Reached * piety under Qazlal
  7743 | D:9      | Noticed Erica
  7754 | D:9      | Killed Erica
  7754 | D:9      | Reached skill level 10 in Transmutations
  7760 | D:9      | Learned a level 4 spell: Ice Form
  8010 | D:9      | Reached XP level 11. HP: 74/74 MP: 11/14
  8039 | D:9      | Reached skill level 1 in Ice Magic
  8093 | D:9      | Got a faintly glowing ivory amulet
  8143 | D:9      | Noticed Maurice
  8160 | D:9      | Killed Maurice
  8163 | D:9      | Identified the amulet of the Magpie {RegenMP Str-3 Int+3 Dex+3} (You found it on level 9 of the Dungeon)
  8266 | D:10     | Entered Level 10 of the Dungeon
  8431 | D:10     | Killed an unseen horror
  8431 | D:10     | Reached skill level 12 in Unarmed Combat
  8787 | D:10     | Found a staircase to the Lair.
  8895 | D:10     | Found a portal to a secret trove of treasure.
  8980 | D:10     | Found Awnosiog's Magic Scroll Boutique.
  9082 | D:10     | Reached ** piety under Qazlal
  9504 | D:11     | Noticed htuhola's ghost (journeyman SpAs)
  9812 | D:11     | Noticed a white ugly thing
  9830 | D:10     | Killed a white ugly thing
 10021 | D:11     | Found a staircase to the Orcish Mines.
 10601 | D:11     | Reached *** piety under Qazlal
 10675 | D:11     | Noticed a purple ugly thing
 11238 | D:11     | Reached skill level 10 in Dodging
 11488 | D:11     | Reached XP level 12. HP: 76/81 MP: 12/15
 11536 | D:11     | Noticed a five-headed hydra
 11545 | D:11     | Slain by a five-headed hydra

Skill      XL: |  1  2  3  4  5  6  7  8  9 10 11 12 |
---------------+-------------------------------------+-----
Dodging        | 3 4 5 6 8 10 | 10.2
Transmutations | 3 4 5 7 9 10 11 | 11.3
Unarmed Combat | 4 5 6 7 8 10 11 12 | 12.9
Poison Magic   | 1 2 4 5 7 8 9 |  9.0
Fighting       | 2 3 |  3.3
Ice Magic      | 4 |  4.4
Spellcasting   | |  2.0

Action                   |  1- 3 |  4- 6 |  7- 9 | 10-12 || total
-------------------------+-------+-------+-------+-------++-------
Melee: Unarmed           |    67 |   115 |   256 |   450 ||   888
       Headbutt          |     7 |     3 |       |       ||    10
 Cast: Beastly Appendage |    12 |     4 |       |       ||    16
       Spider Form       |     1 |    20 |    40 |    33 ||    94
       Sticks to Snakes  |       |       |       |    15 ||    15
  Use: Scroll            |     7 |     5 |    10 |     4 ||    26
       Potion            |     1 |       |     3 |     6 ||    10
 Stab: Sleeping          |       |     2 |       |       ||     2
  Eat: Chunk             |       |     7 |    21 |    11 ||    39
       Ration            |       |       |       |     3 ||     3
Armor: Robe              |    10 |     4 |       |     1 ||    15
       Skin              |       |       |    12 |    11 ||    23
Dodge: Dodged            |    37 |    97 |   174 |   443 ||   751
Block: Other             |       |       |       |    45 ||    45
